Match 42698296
Unlisted

Match 42698296
End
Engineer Squad
Selects Airborne Battlegroup
Selects Heavy Machine Gun Paradrop
Heavy Machine Gun Paradrop
Construct Barracks
Riflemen Squad
Riflemen Squad
Heavy Machine Gun Paradrop
Riflemen Squad
Grenade Package
Construct Medical Station
Selects Paratrooper Squad Paradrop
Paratrooper Squad Paradrop
Selects Anti-tank Gun Team Paradrop
Anti-tank Gun Team Paradrop
Air Support Center
Grasshopper Recon Run
P-47 Dive Bomb
P-47 Strafing Run
Anti-tank Gun Team Paradrop
Selects Smoke Bombing Run
Selects Paradrop Reinforcements
Paradrop Reinforcements
Paratrooper Squad Paradrop
M1918 Browning Automatic Rifles
sepi
JVM
이재명
destiny_4d
Lt_Winters
110
Gn_Patton
Cheddahbeast
0
0

Comments sign in to comment!

No comments posted yet!